 Dungeon Crawl Stone Soup version 0.29.1-15-g9cfb28693d (webtiles) character file.

Game seed: 5512041015058991588

109 Hugehornet the Insei (level 4, -1/29 HPs)
             Began as an Octopode Transmuter on Mar 30, 2023.
             Slain by Natasha (4 damage)
             ... on level 2 of the Dungeon.
             The game lasted 00:02:10 (1988 turns).

Hugehornet the Insei (Octopode Transmuter)          Turns: 1988, Time: 00:02:10

Health: -1/29      AC:  1    Str:  9    XL:     4   Next: 90%
Magic:  6/7        EV: 14    Int: 17    God:
Gold:   163        SH:  0    Dex: 18    Spells: 7/8 levels left

rFire   . . .      SeeInvis .     - Unarmed
rCold   . . .      Faith    .   (no shield)
rNeg    . . .      Spirit   .   (helmet currently unavailable)
rPois   .          Reflect  .   (no amulet)
rElec   .          Harm     .   e - +6 ring of dexterity
rCorr   .          Rampage  .   (no ring)
Will    .....                   (no ring)
Stlth   +++.......              (no ring)
HPRegen 0.09/turn               (no ring)
MPRegen 0.10/turn               (no ring)
                                (no ring)
                                (no ring)

@: appendages
A: tentacle spike 3, almost no armour, amphibious, 8 rings, camouflage 1,
gelatinous body 1, (nimble swimmer 1), tentacles
a: End Transformation


You were on level 2 of the Dungeon.
One of your tentacles had grown a beastly spike.
You visited 1 branch of the dungeon, and saw 2 of its levels.

You collected 163 gold pieces.

Inventory:

Jewellery
 e - a +6 ring of dexterity (left tentacle)
Scrolls
 d - a scroll of noise {unknown}
 f - a scroll of immolation {unknown}
Potions
 a - a potion of lignification
 b - a potion of curing {unknown}
 c - a potion of might {unknown}


   Skills:
 + Level 1.7 Fighting
 + Level 2.6 Dodging
 * Level 3.8 Unarmed Combat
 + Level 2.5 Spellcasting
 * Level 3.0 Transmutations


You had 7 spell levels left.
You knew the following spells:

 Your Spells              Type           Power      Damage    Failure   Level
a - Beastly Appendage     Tmut           24%        N/A       5%          1

Your spell library contained the following spells:

 Spells                   Type           Power      Damage    Failure   Level
 Wereblood                Tmut           12%        N/A       9%          2
 Spider Form              Tmut/Pois      7%         N/A       30%         3
 Ice Form                 Ice/Tmut       7%         N/A       69%         4


Dungeon Overview and Level Annotations

Branches:
Dungeon (2/15)

Altars:

Annotations:
D:1 1 transporter
D:2 Natasha


Innate Abilities, Weirdness & Mutations

One of your tentacles has grown a beastly spike.
You cannot wear most types of armour.
You are amphibious.
You can wear up to eight rings at the same time.
Your skin changes colour to match your surroundings (Stealth+).
Your rubbery body absorbs attacks. (AC +1, EV +1)
((You are camouflaged when in or above water. (Stealth+)))
You have tentacles for arms and can constrict up to eight enemies at once.


Message History

Things that are here:
a +0 club; a goblin corpse; an adder corpse
Found a stone staircase leading down.
Your tentacle spike disappears.
Done exploring.
Done exploring.
Natasha, Servant of Life and Death comes into view.
She is carrying a wand of flame (12).
Casting: Beastly Appendage (safe; 5% risk of failure)
Confirm with . or Enter, or press ? or * to list all spells.
One of your tentacles grows a vicious spike.
Natasha hisses angrily.
No target in view!
Natasha zaps a wand.
The puff of flame hits you!
Natasha zaps a wand.
The puff of flame misses you.
Natasha stares at you and mumbles some strange words.
The magic dart hits you!
You are too injured to fight recklessly!
You are too injured to fight recklessly!
You are too injured to fight recklessly!
You barely miss Natasha. You grab Natasha.
You pierce Natasha, but do no damage.
You constrict Natasha. Natasha casts a spell at you. The magic dart hits you.
* * * LOW HITPOINT WARNING * * *
Okay, then.
You completely miss Natasha.
Natasha is lightly wounded.
You constrict Natasha. You tentacle-slap Natasha.
Natasha is moderately wounded.
You constrict Natasha. Natasha misses you.
You tentacle-slap Natasha but do no damage.
Natasha is heavily wounded.
You constrict Natasha.
Natasha extends her claws.
Natasha drinks a potion.
Natasha's spells are empowered!
You tentacle-slap Natasha. Your squeeze misses Natasha.
Natasha is heavily wounded.
You constrict Natasha. Natasha claws you.
You die...

....######.###.##.....# #.#
##...........#..####### ##.##
##..⌠P~~⌠~~....# ##...##
#..~.....~..#.# #..[..###
###..~P#.#.⌠.##.# #..÷....##
...#.~.#.#...##.########...>.#..#
##.#.PP#_#.P.##.#....†......##.#.
##.#.~.###.~.##.#h#########.#).##
.....~.....~.##.@..## #..#...
.....⌠~⌠~P⌠..##.....#######.#.#.#
#................................
#.....#...##..#.....####........#
#.......####..##.......#.#####.##
#..###### #..##...###.#.# #.##
#..##### #..###.## #...# #...
.......#####..# #.# ###.# #.#.
######........# #.# #.#####)#.


You could see Natasha (empowered).

Vanquished Creatures
  Natasha (twice) (D:2)
  2 adders (D:2)
  3 bats
  4 endoplasms
  3 giant cockroaches
  4 goblins
  2 hobgoblins
  2 jackals (D:2)
  4 quokkas (D:2)
  3 ball pythons (D:1)
  A frilled lizard (D:2)
  4 kobolds
  6 rats
40 creatures vanquished.

Vanquished Creatures (others)
  2 fungi (D:2)
2 creatures vanquished.

Grand Total: 42 creatures vanquished

Notes
Turn   | Place    | Note
-------+----------+-------------------------------------------
     0 | D:1      | Hugehornet the Octopode Transmuter began the quest for the
                  | Orb.
     0 | D:1      | Reached XP level 1. HP: 13/13 MP: 3/3
   321 | D:1      | Reached XP level 2. HP: 17/18 MP: 3/5
   983 | D:2      | Reached XP level 3. HP: 17/23 MP: 4/6
  1212 | D:2      | Noticed Natasha
  1224 | D:2      | Killed Natasha
  1248 | D:2      | Reached XP level 4. HP: 28/28 MP: 5/7
  1400 | D:2      | Found a faded altar of an unknown god.
  1423 | D:2      | Noticed Natasha
  1433 | D:2      | Killed Natasha
  1824 | D:2      | Identified the +1 robe "Bymnoga" {rPois}
  1979 | D:2      | Noticed Natasha
  1988 | D:2      | Slain by Natasha

Illustrated notes

Levels and vault maps discovered:
D:1:      spicycebolla_arrival_risky_transporter, layout_loops_ring,
          amcnicky_mini_corridor_feature
D:2:      layout_loops_ring, shapermc_ecumenical_altar_acropolis, uniq_natasha

Skill      XL: |  1  2  3  4 |
---------------+-------------+-----
Transmutations | 3 |  3.0
Fighting       | |  1.7
Dodging        | |  2.6
Unarmed Combat | |  3.8
Spellcasting   | |  2.5

Action                   |  1- 3 |  4- 6 || total
-------------------------+-------+-------++-------
Melee: Unarmed           |    59 |    32 ||    91
       Constrict         |    19 |    10 ||    29
       Kick              |    15 |     8 ||    23
       Tentacles         |    16 |     4 ||    20
       Punch             |     1 |     1 ||     2
 Cast: Beastly Appendage |    25 |     9 ||    34
 Stab: Sleeping          |     4 |     1 ||     5
Armor: Skin              |     7 |       ||     7
Dodge: Dodged            |    31 |    26 ||    57
